TOP OF THE 1ST |
Quad Cities River Bandits batting - Pitching for Lake County Captains : RHP Marcus Cox
|
Pitching: RHP Marcus Cox
|
|
Batting: RHB Edgar Trejo
|
0-0: Called Strike 0-1: Swinging Strike 0-2: Ball 1-2: Ball 2-2: Strikes out swinging
|
Batting: RHB Sean Mounts
|
0-0: Foul Ball, location: 2F 0-1: Called Strike 0-2: Foul Ball, location: 2F 0-2: Strikes out swinging
|
Batting: RHB Elijah Hunter
|
0-0: Foul Ball, location: 2F 0-1: Ball 1-1: SINGLE (Groundball, 5D, EV 93.8 MPH)
|
Batting: RHB Bruce Bermudez
|
0-0: Swinging Strike 0-1: Foul Ball, location: 2F 0-2: Ball 1-2: Hit by Pitch Elijah Hunter to second
|
Batting: RHB Justin Olmstead
|
0-0: Called Strike 0-1: Ball 1-1: Foul Ball, location: 2F 1-2: Strikes out swinging
|
Top of the 1st over - 0 runs, 1 hit, 0 errors, 2 left on base; Quad Cities 0 - Lake County 0 |
BOTTOM OF THE 1ST |
Lake County Captains batting - Pitching for Quad Cities River Bandits : RHP Alex Salinas
|
Pitching: RHP Alex Salinas
|
|
Batting: LHB Yasuo Igarashi
|
0-0: Hit by Pitch
|
Batting: SHB Travis Burnett
|
0-0: Called Strike Yasuo Igarashi steals 2nd base 0-1: Ball 1-1: Foul Ball, location: 2F 1-2: Ball 2-2: Ball 3-2: Strikes out looking
|
Batting: LHB Costodio Varino
|
0-0: Foul Ball, location: 2F 0-1: SINGLE (Line Drive, 9S, EV 105.6 MPH) Yasuo Igarashi to third
|
Batting: RHB Steve Gusman
|
0-0: Ball 1-0: Called Strike 1-1: Ball 2-1: Foul Ball, location: 2F 2-2: SINGLE (Line Drive, 56, EV 104.4 MPH) Yasuo Igarashi scores Costodio Varino to second
|
Batting: RHB Antonio Gamez
|
0-0: Ball 1-0: Swinging Strike 1-1: Ball 2-1: Foul Ball, location: 2F 2-2: Strikes out swinging
|
Batting: RHB Kenzo Shinoda
|
0-0: Ball 1-0: Called Strike 1-1: Ground out 4-3 (Groundball, 4, EV 109.4 MPH)
|
Bottom of the 1st over - 1 run, 2 hits, 0 errors, 2 left on base; Quad Cities 0 - Lake County 1 |
TOP OF THE 2ND |
Quad Cities River Bandits batting - Pitching for Lake County Captains : RHP Marcus Cox
|
Batting: SHB Danny Jensen
|
0-0: Ground out 4-3 (Groundball, 4M, EV 93.1 MPH)
|
Batting: LHB Mark Dearth
|
0-0: Called Strike 0-1: Ball 1-1: Ball 2-1: Called Strike 2-2: Ball 3-2: Strikes out swinging
|
Batting: RHB Evan Fry
|
0-0: Ball 1-0: Ground out 3-1 (Groundball, 34S, EV 61.9 MPH)
|
Top of the 2nd over - 0 runs, 0 hits, 0 errors, 0 left on base; Quad Cities 0 - Lake County 1 |
BOTTOM OF THE 2ND |
Lake County Captains batting - Pitching for Quad Cities River Bandits : RHP Alex Salinas
|
Batting: RHB Zach Shaughnessy
|
0-0: Ball 1-0: SINGLE (Line Drive, 8RS, EV 110.6 MPH)
|
Batting: RHB Kevin Percy
|
0-0: Ball 1-0: Called Strike 1-1: Swinging Strike 1-2: 2-RUN HOME RUN (Flyball, 78XD, EV 111.9 MPH), Distance : 427 ft
|
Batting: RHB Ricky Lule
|
0-0: DOUBLE (Groundball, 5L, EV 108.1 MPH)
|
Batting: LHB Yasuo Igarashi
|
0-0: Ball 1-0: Called Strike 1-1: Foul Ball, location: 2F 1-2: Ball 2-2: Ball 3-2: Ground out 6-3 (Groundball, 6MD, EV 105.6 MPH) Ricky Lule to third
|
Batting: SHB Travis Burnett
|
0-0: Fly out, F5 (Popup, 5SF, EV 81.2 MPH)
|
Batting: LHB Costodio Varino
|
0-0: Ball 1-0: SINGLE (Groundball, 4MD, EV 102.5 MPH) Ricky Lule scores
|
Batting: RHB Steve Gusman
|
0-0: SINGLE (Groundball, 4S, EV 65.6 MPH) (infield hit) Costodio Varino to second
|
Batting: RHB Antonio Gamez
|
0-0: Ball 1-0: Foul Ball, location: 2F 1-1: Foul Ball, location: 2F 1-2: Ball 2-2: Ball 3-2: DOUBLE (Flyball, 7LM, EV 95.6 MPH) Costodio Varino scores Steve Gusman to third Steve Gusman scores
|
Pitching: RHP Jayson Campbell
|
|
Batting: RHB Kenzo Shinoda
|
0-0: Ground out U3 (Groundball, 34S, EV 91.2 MPH)
|
Bottom of the 2nd over - 5 runs, 6 hits, 0 errors, 1 left on base; Quad Cities 0 - Lake County 6 |
TOP OF THE 3RD |
Quad Cities River Bandits batting - Pitching for Lake County Captains : RHP Marcus Cox
|
Batting: RHB Ruben Pujols
|
0-0: Ball 1-0: Fly out, F9 (Flyball, 89S, EV 89.4 MPH)
|
Batting: RHB Edgar Trejo
|
0-0: Ball 1-0: Foul Ball, location: 2F 1-1: Ball 2-1: Swinging Strike 2-2: Strikes out swinging
|
Batting: RHB Sean Mounts
|
0-0: Ball 1-0: Fly out, F3 (Popup, 34S, EV 71.2 MPH)
|
Top of the 3rd over - 0 runs, 0 hits, 0 errors, 0 left on base; Quad Cities 0 - Lake County 6 |
BOTTOM OF THE 3RD |
Lake County Captains batting - Pitching for Quad Cities River Bandits : RHP Jayson Campbell
|
Batting: RHB Zach Shaughnessy
|
0-0: Ball 1-0: Ball 2-0: Ball 3-0: Called Strike 3-1: Ground out 4-3 (Groundball, 4, EV 80.0 MPH)
|
Batting: RHB Kevin Percy
|
0-0: Foul Ball, location: 2F 0-1: Fly out, F9 (Flyball, 89D, EV 88.8 MPH)
|
Batting: RHB Ricky Lule
|
0-0: Ground out 6-3 (Groundball, 6, EV 88.1 MPH)
|
Bottom of the 3rd over - 0 runs, 0 hits, 0 errors, 0 left on base; Quad Cities 0 - Lake County 6 |
TOP OF THE 4TH |
Quad Cities River Bandits batting - Pitching for Lake County Captains : RHP Marcus Cox
|
Batting: RHB Elijah Hunter
|
0-0: Ball 1-0: Foul Ball, location: 2F 1-1: Ball 2-1: Foul Ball, location: 2F 2-2: Ball 3-2: Foul Ball, location: 2F 3-2: Foul Ball, location: 2F 3-2: Foul Ball, location: 2F 3-2: Strikes out swinging
|
Batting: RHB Bruce Bermudez
|
0-0: Ball 1-0: Swinging Strike 1-1: SINGLE (Groundball, 6S, EV 65.6 MPH) (infield hit)
|
Batting: RHB Justin Olmstead
|
0-0: Ball 1-0: Reached on error, E2 (Groundball, 13S, EV 71.2 MPH) Bruce Bermudez to second
|
Batting: SHB Danny Jensen
|
0-0: Called Strike 0-1: Ball 1-1: Ball 2-1: Foul Ball, location: 2F 2-2: Foul Ball, location: 2F 2-2: Foul Ball, location: 2F 2-2: Foul Ball, location: 2F 2-2: Foul Ball, location: 2F 2-2: SINGLE (Line Drive, 56D, EV 102.5 MPH) Bruce Bermudez to third Justin Olmstead to second Runner from 3rd tries for Home, SAFE, throw by LF to home
|
Batting: LHB Mark Dearth
|
0-0: SINGLE (Line Drive, 5D, EV 98.1 MPH) Justin Olmstead to third Danny Jensen to second Runner from 3rd tries for Home, SAFE, throw by LF to home
|
Batting: RHB Evan Fry
|
0-0: Swinging Strike 0-1: Ball 1-1: Fly out, F7 (Line Drive, 7S, EV 108.1 MPH)
|
Batting: RHB Ruben Pujols
|
0-0: Ball 1-0: Ground out 4-3 (Groundball, 4, EV 92.5 MPH)
|
Top of the 4th over - 2 runs, 3 hits, 1 error, 2 left on base; Quad Cities 2 - Lake County 6 |
BOTTOM OF THE 4TH |
Lake County Captains batting - Pitching for Quad Cities River Bandits : RHP Jayson Campbell
|
Batting: LHB Yasuo Igarashi
|
0-0: Called Strike 0-1: Fly out, F9 (Line Drive, 9D, EV 105.6 MPH)
|
Batting: SHB Travis Burnett
|
0-0: Ball 1-0: Ball 2-0: SINGLE (Line Drive, 89M, EV 110.0 MPH)
|
Batting: LHB Costodio Varino
|
0-0: Called Strike 0-1: Foul Ball, location: 2F 0-2: Ball 1-2: Ball 2-2: Strikes out swinging
|
Batting: RHB Steve Gusman
|
0-0: Called Strike 0-1: Called Strike 0-2: Ball 1-2: Foul Ball, location: 2F 1-2: Fielders Choice at 2nd, 6-4 (Groundball, 6, EV 77.5 MPH)
|
Bottom of the 4th over - 0 runs, 1 hit, 0 errors, 1 left on base; Quad Cities 2 - Lake County 6 |
TOP OF THE 5TH |
Quad Cities River Bandits batting - Pitching for Lake County Captains : RHP Marcus Cox
|
Batting: RHB Edgar Trejo
|
0-0: Swinging Strike 0-1: Ball 1-1: Ball 2-1: Swinging Strike 2-2: Strikes out looking
|
Batting: RHB Sean Mounts
|
0-0: Ball 1-0: Called Strike 1-1: SINGLE (Flyball, 5D, EV 83.1 MPH)
|
Batting: RHB Elijah Hunter
|
0-0: Ball 1-0: Called Strike 1-1: Called Strike 1-2: Strikes out swinging
|
Batting: RHB Bruce Bermudez
|
0-0: Ball 1-0: Called Strike 1-1: Ball Wild Pitch! Sean Mounts to second 2-1: Foul Ball, location: 2F 2-2: Foul Ball, location: 2F 2-2: Foul Ball, location: 2F 2-2: Strikes out swinging
|
Top of the 5th over - 0 runs, 1 hit, 0 errors, 1 left on base; Quad Cities 2 - Lake County 6 |
BOTTOM OF THE 5TH |
Lake County Captains batting - Pitching for Quad Cities River Bandits : RHP Jayson Campbell
|
Batting: RHB Antonio Gamez
|
0-0: Called Strike 0-1: Ball 1-1: Ball 2-1: Ground out 1-3 (Groundball, 25, EV 73.8 MPH)
|
Batting: RHB Kenzo Shinoda
|
0-0: Ball 1-0: Foul Ball, location: 2F 1-1: Foul Ball, location: 2F 1-2: Foul Ball, location: 2F 1-2: Ball 2-2: Ball 3-2: Foul Ball, location: 2F 3-2: Base on Balls
|
Batting: RHB Zach Shaughnessy
|
0-0: Called Strike Kenzo Shinoda steals 2nd base 0-1: Foul Ball, location: 2F 0-2: Ball 1-2: Reached on error, E5 (Groundball, 56, EV 84.4 MPH) Kenzo Shinoda scores
|
Batting: RHB Kevin Percy
|
0-0: Swinging Strike 0-1: Called Strike 0-2: Strikes out swinging
|
Batting: RHB Ricky Lule
|
0-0: Fly out, F6 (Flyball, 56D, EV 90.6 MPH)
|
Bottom of the 5th over - 1 run, 0 hits, 1 error, 1 left on base; Quad Cities 2 - Lake County 7 |
TOP OF THE 6TH |
Quad Cities River Bandits batting - Pitching for Lake County Captains : RHP Marcus Cox
|
Batting: RHB Justin Olmstead
|
0-0: SINGLE (Line Drive, 78S, EV 93.8 MPH)
|
Batting: SHB Danny Jensen
|
0-0: Swinging Strike 0-1: Swinging Strike 0-2: Strikes out swinging
|
Batting: LHB Mark Dearth
|
0-0: Called Strike 0-1: Foul Ball, location: 2F 0-2: Ball 1-2: Fly out, F8 (Flyball, 8RD, EV 85.6 MPH)
|
Batting: RHB Evan Fry
|
0-0: Swinging Strike 0-1: Foul Ball, location: 2F 0-2: Ball 1-2: Ball 2-2: Strikes out swinging
|
Top of the 6th over - 0 runs, 1 hit, 0 errors, 1 left on base; Quad Cities 2 - Lake County 7 |
BOTTOM OF THE 6TH |
Lake County Captains batting - Pitching for Quad Cities River Bandits : RHP Jayson Campbell
|
Batting: LHB Yasuo Igarashi
|
0-0: Ball 1-0: Foul Ball, location: 2F 1-1: Ball 2-1: Called Strike 2-2: Fly out, F9 (Flyball, 9, EV 85.0 MPH)
|
Batting: SHB Travis Burnett
|
0-0: Ground out 6-3 (Groundball, 6S, EV 60.0 MPH)
|
Batting: LHB Costodio Varino
|
0-0: Ball 1-0: Ball 2-0: Ball 3-0: Base on Balls
|
Pitching: RHP Joe Rivin
|
|
Batting: RHB Steve Gusman
|
0-0: Ground out 4-3 (Groundball, 4, EV 98.8 MPH)
|
Bottom of the 6th over - 0 runs, 0 hits, 0 errors, 1 left on base; Quad Cities 2 - Lake County 7 |
TOP OF THE 7TH |
Quad Cities River Bandits batting - Pitching for Lake County Captains : RHP Marcus Cox
|
Batting: RHB Ruben Pujols
|
0-0: Called Strike 0-1: Ball 1-1: Fly out, F8 (Flyball, 89S, EV 93.1 MPH)
|
Batting: RHB Edgar Trejo
|
0-0: Ground out 6-3 (Groundball, 56, EV 85.0 MPH)
|
Batting: RHB Sean Mounts
|
0-0: Foul Ball, location: 2F 0-1: Ground out 5-3 (Groundball, 56S, EV 83.8 MPH)
|
Top of the 7th over - 0 runs, 0 hits, 0 errors, 0 left on base; Quad Cities 2 - Lake County 7 |
BOTTOM OF THE 7TH |
Lake County Captains batting - Pitching for Quad Cities River Bandits : RHP Joe Rivin
|
Batting: RHB Antonio Gamez
|
0-0: SINGLE (Groundball, 56S, EV 71.2 MPH) (infield hit)
|
Batting: RHB Kenzo Shinoda
|
0-0: Called Strike 0-1: Ball 1-1: Ball 2-1: Swinging Strike 2-2: Ball 3-2: Strikes out swinging
|
Batting: RHB Zach Shaughnessy
|
0-0: Ball 1-0: Foul Ball, location: 2F 1-1: Called Strike 1-2: Foul Ball, location: 2F 1-2: SINGLE (Flyball, 8RS, EV 98.1 MPH) Antonio Gamez to second Runner from 2nd tries for 3rd, OUT! 8-5
|
Batting: RHB Kevin Percy
|
0-0: Fielders Choice at 2nd, 6-4 (Groundball, 6, EV 110.0 MPH)
|
Bottom of the 7th over - 0 runs, 2 hits, 0 errors, 1 left on base; Quad Cities 2 - Lake County 7 |
TOP OF THE 8TH |
Quad Cities River Bandits batting - Pitching for Lake County Captains : RHP Marcus Cox
|
Pitching: RHP Mario del Rio
|
|
Batting: RHB Elijah Hunter
|
0-0: Called Strike 0-1: Called Strike 0-2: Ball 1-2: Ground out 6-3 (Groundball, 6MD, EV 85.6 MPH)
|
Batting: RHB Bruce Bermudez
|
0-0: Called Strike 0-1: Called Strike 0-2: Ground out 6-3 (Groundball, 6, EV 88.1 MPH)
|
Batting: RHB Justin Olmstead
|
0-0: Called Strike 0-1: Fly out, F9 (Flyball, 9D, EV 96.9 MPH)
|
Top of the 8th over - 0 runs, 0 hits, 0 errors, 0 left on base; Quad Cities 2 - Lake County 7 |
BOTTOM OF THE 8TH |
Lake County Captains batting - Pitching for Quad Cities River Bandits : RHP Joe Rivin
|
Batting: RHB Ricky Lule
|
0-0: Called Strike 0-1: Called Strike 0-2: Strikes out swinging
|
Batting: LHB Yasuo Igarashi
|
0-0: Called Strike 0-1: Ground out 6-3 (Groundball, 4M, EV 98.1 MPH)
|
Batting: SHB Travis Burnett
|
0-0: Ground out 4-3 (Groundball, 34D, EV 111.2 MPH)
|
Bottom of the 8th over - 0 runs, 0 hits, 0 errors, 0 left on base; Quad Cities 2 - Lake County 7 |
TOP OF THE 9TH |
Quad Cities River Bandits batting - Pitching for Lake County Captains : RHP Mario del Rio
|
Batting: SHB Danny Jensen
|
0-0: Called Strike 0-1: Foul Ball, location: 2F 0-2: Strikes out looking
|
Batting: LHB Mark Dearth
|
0-0: Ball 1-0: Called Strike 1-1: SINGLE (Groundball, 4MD, EV 101.9 MPH)
|
Batting: RHB Evan Fry
|
0-0: Grounds into double play, 4-6-3 (Groundball, 34, EV 106.2 MPH)
|
Top of the 9th over - 0 runs, 1 hit, 0 errors, 0 left on base; Quad Cities 2 - Lake County 7 |
|